 Dungeon Crawl Stone Soup version 0.14-a0-2432-g6b3afca (webtiles) character file.

402 4tharraofdagon the Chiller (level 6, -3/41 HPs)
             Began as a Mummy Ice Elementalist on Feb 4, 2014.
             Shot with an arrow by a centaur (11 damage)
             ... on Level 6 of the Dungeon.
             The game lasted 00:09:59 (2102 turns).

4tharraofdagon the Chiller (Mummy Ice Elementalist) Turns: 2102, Time: 00:10:00

HP  -3/41        AC  2     Str 11      XL: 6   Next: 45%
MP  13/13        EV 12     Int 16      God:
Gold 23          SH  0     Dex 12      Spells:  3 memorised,  3 levels left

rFire  x . .     SeeInvis .     p - 2 scrolls of teleportation
rCold  + . .     Clarity  .     a - +0 robe
rNeg   + + +     Conserve .     (no shield)
rPois  +         rCorr    .     (no helmet)
rElec  .         rRot     +     (no cloak)
SustAb . .       Spirit   .     (no gloves)
rMut   .         Warding  .     (no boots)
Saprov . . .     Stasis   .     (no amulet)
MR     .....                    (no ring)
                                (no ring)

@: not resistant to hostile enchantments, unstealthy
A: no food or potions, fire vulnerability, restore body, cold resistance 1, life
protection 3, poison resistance, torment resistance, unbreathing
a: no special abilities


You were on level 6 of the Dungeon.
You were not hungry.

You visited 1 branch of the dungeon, and saw 6 of its levels.
You also visited: Sewer.

You collected 198 gold pieces.
You spent 175 gold pieces at shops.

Inventory:

Hand weapons
 g - a +1,+0 elven spear
 k - a +2,+0 elven trident
 m - a +0,+0 long sword
Missiles
 j - 22 darts (quivered)
 o - an exploding dart
 q - 2 darts of frost
Armour
 a - a +0 robe (worn)
 d - a +0 chain mail
Comestibles
 f - an orange
 h - 3 bread rations
 n - a meat ration
Scrolls
 i - 4 scrolls of identify
 p - 2 scrolls of teleportation (in hand)
 t - a scroll of blinking
 u - a scroll of remove curse
 v - a scroll of enchant armour
 w - a scroll of random uselessness
Jewellery
 c - an uncursed ring of teleportation
Potions
 e - 3 potions of curing
 l - a potion of porridge
 r - 4 potions of heal wounds {unknown}
 s - a potion of brilliance {unknown}
Books
 b - a book of Frost

   Spells                             Type                      Level
   *Freeze                            Ice                          1
   Throw Frost                        Conjuration/Ice              2
   Ozocubu's Armour                   Charms/Ice                   3
   *Throw Icicle                      Conjuration/Ice              4
   *Summon Ice Beast                  Ice/Summoning                4
   Condensation Shield                Ice                          4


   Skills:
 - Level 1.5 Dodging
 - Level 1.5 Stealth
 + Level 3.8 Spellcasting
 * Level 1.8 Conjurations
 + Level 1.4 Summonings
 * Level 4.5 Ice Magic


You had 3 spell levels left.
You knew the following spells:

 Your Spells              Type           Power        Failure   Level  Hunger
a - Freeze                Ice            ###.         2%          1    N/A
b - Summon Ice Beast      Ice/Summ       ##........   63%         4    N/A
c - Throw Icicle          Conj/Ice       ##......     50%         4    N/A

Dungeon Overview and Level Annotations

Branches:
Dungeon (6/16)
 Temple: D:4-7

Altars:
Dithmengos
Yredelemnul

Shops:
D:5 ?

Annotations:
D:3 Ijyb


Innate Abilities, Weirdness & Mutations

You do not eat or drink.
Your flesh is vulnerable to fire.
Your flesh is cold resistant.
You are immune to negative energy.
Your system is resistant to poisons.
You are immune to unholy pain and torment.
You can survive without breathing.


Message History

You swing at nothing.
You swing at nothing.
You swing at nothing.
You swing at nothing.
You swing at nothing.
You swing at nothing.
You swing at nothing.
You swing at nothing.
A centaur opens the door.
A centaur comes into view.
You swing at nothing.
You swing at nothing.
The centaur shouts!
The centaur wields a bow.
The centaur shoots an arrow.
The arrow hits you!
The centaur shoots an arrow.
The arrow misses you.
You swing at nothing.
The centaur shoots an arrow.
The arrow hits you!
The centaur shoots an arrow.
The arrow hits you!
You swing at nothing.
The centaur shoots an arrow.
The arrow hits you!
* * * LOW HITPOINT WARNING * * *
The centaur shoots an arrow.
The arrow hits you!
You die...

#.# #.# #.# #######+###
#####.######..........#
..........##..........#
..........##..........#
..........##..........#
......................###
...........#....@.....'..
........>.##..........###
..<.......##........c.#
.#################+####


You could see a centaur.

Vanquished Creatures
  A giant frog (D:6)
  4 crimson imps (D:5)
  A hound (D:6)
  A worker ant (D:5)
  4 adders
  3 gnolls (D:4)
  A giant mite (D:2)
  A giant eyeball (D:5)
  A giant gecko (D:5)
  2 orcs (D:4)
  2 ball pythons (Sewer)
  5 bats
  3 giant cockroaches
  5 goblins
  4 hobgoblins
  6 jackals (Sewer)
  3 quokkas
  5 giant newts
  10 kobolds
  An orc zombie (D:5)
  A quokka skeleton (D:4)
  6 rats
  A rat zombie (D:5)
  A plant (Sewer)
72 creatures vanquished.

Notes
Turn   | Place    | Note
--------------------------------------------------------------
     0 | D:1      | 4tharraofdagon, the Mummy Ice Elementalist, began the quest for the Orb.
     0 | D:1      | Reached XP level 1. HP: 13/13 MP: 3/3
   390 | D:1      | Reached XP level 2. HP: 14/19 MP: 1/4
   617 | D:2      | Reached skill level 3 in Ice Magic
   654 | D:2      | Reached XP level 3. HP: 16/24 MP: 4/6
   885 | D:3      | Noticed Ijyb
  1024 | D:4      | Noticed a phantom
  1050 | D:4      | Found a shadowy altar of Dithmengos.
  1143 | D:4      | Reached XP level 4. HP: 27/30 MP: 5/8
  1224 | D:4      | Learned a level 4 spell: Summon Ice Beast
  1251 | D:4      | Found a basalt altar of Yredelemnul.
  1269 | D:5      | Entered Level 5 of the Dungeon
  1332 | D:5      | Reached XP level 5. HP: 18/35 MP: 4/11
  1335 | D:5      | Reached skill level 1 in Summonings
  1335 | D:5      | Reached skill level 4 in Ice Magic
  1347 | D:5      | Found a glowing drain.
  1379 | Sewer    | Entered a sewer
  1429 | Sewer    | Learned a level 4 spell: Throw Icicle
  1597 | Sewer    | Reached skill level 1 in Conjurations
  1892 | D:5      | Reached XP level 6. HP: 19/41 MP: 10/13
  1893 | D:5      | Found Ikasuca's Magic Scroll Boutique.
  1917 | D:5      | Bought a scroll of remove curse for 39 gold pieces
  1917 | D:5      | Bought a scroll of identify for 26 gold pieces
  1917 | D:5      | Bought a scroll of identify for 26 gold pieces
  1917 | D:5      | Bought a scroll of enchant armour for 71 gold pieces
  1938 | D:5      | Bought a scroll of random uselessness for 13 gold pieces
  2102 | D:6      | Shot with an arrow by a centaur

Action                   |  1- 3 |  4- 6 || total
-------------------------+-------+-------++-------
Melee: Spear             |    21 |       ||    21
       Unarmed           |     1 |       ||     1
       Trident           |    21 |    74 ||    95
 Cast: Freeze            |    40 |    69 ||   109
 Abil: Evoke Teleportati |     1 |       ||     1
  Use: Scroll            |     6 |     3 ||     9
 Stab: Sleeping          |     1 |       ||     1
